Map: Lightshade LE

Players

WarMan

  • Race: Terran Terran
  • Spawn Location: 11:00

Pumba - Winner!

  • Race: Zerg Zerg
  • League: Diamond
  • Spawn Location: 5:00

VOD

Have the link to the VOD?

Description

Time

  • Played on: Aug. 17, 2021, 5:18 p.m.
  • Length: 9:26
Show
View Real Time Build Order
Export as new Build Order

WarMan Terran 

Build Orders: Command Center First (CC) 

Get SALT Encoding   

  12  0:00  SCV  
  13  0:12  SCV  
  14  0:17  Supply Depot  
  14  0:25  SCV  
  15  0:39  SCV  
  16  0:51  SCV  
  17  1:01  Command Center  
  17  1:03  SCV  
  18  1:16  Barracks  
  18  1:18  SCV  
  19  1:24  Refinery  
  19  1:30  SCV  
  20  1:37  Barracks  
  20  1:42  SCV  
  21  1:50  Barracks  
  21  1:55  SCV  
  22  2:07  Orbital Command  
  22  2:08  Barracks Reactor  
  22  2:18  Orbital Command  
  22  2:27  Engineering Bay  
  22  2:30  Barracks Tech Lab  
  22  2:38  Barracks Tech Lab  
  22  2:41  SCV  
  22  2:42  Refinery  
  23  2:44  Marine  
  23  2:46  Marine  
  23  2:49  Marine  
  26  2:58  SCV  
  27  3:01  SCV  
  27  3:03  Marine  
  29  3:06  Stimpack  
  29  3:12  SCV  
  30  3:14  Marine x3  
  33  3:20  SCV  
  33  3:23  Combat Shield  
  33  3:24  Marine  
  33  3:25  SCV  
  36  3:29  Orbital Command  
  36  3:32  Marine  
  37  3:36  Marine  
  38  3:43  Terran Infantry Weapons Level 1  
  38  3:44  Marine x2  
  38  3:47  Supply Depot  
  40  3:52  Marine  
  40  3:54  Marauder  
  40  3:55  SCV  
  44  4:02  Marauder  
  46  4:08  Supply Depot, SCV x2, Marine  
  49  4:13  Factory  
  49  4:18  Supply Depot  
  49  4:20  SCV  
  50  4:24  Marine  
  50  4:25  SCV  
  52  4:32  Supply Depot, SCV  
  52  4:38  SCV  
  54  4:44  Marine x2  
  54  4:45  SCV  
  57  4:46  Marauder  
  57  4:47  Concussive Shells  
  57  4:50  SCV  
  60  4:57  Supply Depot, SCV  
  60  4:59  Factory Tech Lab  
  61  5:01  Starport  
  61  5:02  SCV  
  61  5:05  Supply Depot  
  62  5:09  SCV, Marine  
  62  5:11  Refinery  
  64  5:22  Supply Depot  
  64  5:24  Marauder x2  
  64  5:25  SCV x2  
  70  5:28  Siege Tank  
  70  5:30  Marine  
  74  5:36  Marine  
  74  5:37  SCV  
  74  5:38  Starport Reactor  
  74  5:41  SCV  
  77  5:44  Terran Infantry Armor Level 1  
  77  5:46  Marauder  
  77  5:49  SCV  
  80  5:51  Refinery  
  80  5:52  Supply Depot  
  80  5:55  Marauder, Marine  
  80  5:56  Marine  
  84  5:57  Supply Depot  
  84  6:05  Siege Tank  
  84  6:06  SCV  
  84  6:07  SCV  
  89  6:14  Marine x2  
  89  6:16  Marine x2  
  93  6:20  Supply Depot  
  93  6:31  Barracks, Medivac x2, Marine  
  93  6:32  Barracks x2, Marine  
  99  6:46  Marine  
  99  6:47  Marine  
  100  6:49  Command Center, Marine  
  100  6:50  SCV x2  
  103  7:01  Marine  
  103  7:02  SCV  
  103  7:04  Marine  
  103  7:05  Marauder  
  103  7:07  Marine  
  109  7:23  Marauder  
  109  7:27  Marine  
  109  7:28  Barracks Reactor, Barracks Tech Lab  
  109  7:29  Barracks Tech Lab  
  112  7:37  Marauder, Marine  
  112  7:43  Supply Depot  
  115  7:44  Supply Depot x2  
  114  7:54  Marauder, Marine  
  73  8:07  Marine  
  73  8:08  Marauder x2, Marine  
  77  8:16  Siege Tank  
  80  8:26  Bunker  
  52  8:44  SCV x2  
  52  8:46  Marine x2  
  52  8:47  Marauder x4, Marine x2  
  49  9:04  Marine x3  
Show
View Real Time Build Order
Export as new Build Order

Pumba Zerg - Winner!

Build Orders: Pool First 

Get SALT Encoding   

  12  0:02  Drone  
  13  0:14  Overlord  
  13  0:16  Drone  
  14  0:32  Drone x2  
  16  0:37  Drone  
  17  0:47  Spawning Pool  
  16  0:50  Drone  
  17  1:09  Hatchery  
  16  1:12  Drone  
  16  1:18  Extractor  
  16  1:21  Drone x2  
  18  1:32  Drone  
  19  1:34  Queen  
  21  1:40  Zergling x2  
  22  1:52  Overlord  
  22  2:10  Queen  
  22  2:11  Drone  
  25  2:19  Metabolic Boost, Drone  
  26  2:23  Drone  
  26  2:29  Drone  
  28  2:39  Drone  
  29  2:44  Drone  
  29  2:45  Drone x3  
  33  2:51  Overlord  
  33  2:52  Overlord  
  33  3:03  Drone x2  
  33  3:05  Hatchery  
  34  3:12  Queen  
  34  3:18  Drone x5  
  41  3:23  Drone x2  
  43  3:30  Overlord  
  43  3:31  Overlord  
  43  3:38  Drone x2  
  45  3:54  Queen  
  47  3:56  Drone x10  
  57  4:05  Roach Warren  
  57  4:08  Overlord  
  57  4:09  Drone  
  57  4:24  Drone x9  
  66  4:31  Lair  
  66  4:33  Extractor  
  66  4:34  Extractor  
  66  4:36  Extractor  
  63  4:45  Overlord x2  
  63  4:46  Drone x4  
  63  4:52  Drone  
  68  5:04  Evolution Chamber  
  68  5:05  Drone x2, Evolution Chamber  
  68  5:08  Drone x4  
  68  5:14  Extractor x2  
  71  5:16  Overlord  
  71  5:17  Overlord x2  
  70  5:31  Roach x10  
  70  5:35  Roach  
  92  5:39  Zerg Ground Armor Level 1, Zerg Missile Weapons Level 1  
  92  5:40  Glial Reconstitution  
  92  5:46  Overlord x3  
  92  5:47  Overlord x2  
  92  6:05  Roach x3  
  92  6:06  Roach x9  
  116  6:13  Hydralisk Den  
  115  6:27  Overlord x3  
  115  6:30  Drone x3  
  115  6:31  Drone  
  119  6:37  Overseer  
  119  6:45  Roach x9  
  136  6:48  Grooved Spines  
  136  6:54  Overlord  
  136  6:55  Roach x2  
  140  7:02  Roach x2  
  144  7:13  Roach x4  
  150  7:24  Roach x9  
  150  7:25  Roach  
  164  8:00  Muscular Augments  
  148  8:11  Roach x11  
  168  8:24  Overlord x2  
  168  8:25  Overlord x3  
  168  8:27  Hatchery  
  159  8:40  Roach x5  
  165  9:11  Extractor x2  
Tags
 
Add a new tag
Caveats
  • Supply blocks, unpowered buildings, or Contaminate may cause inaccurate times.
  • Supply counts are checked every 10 seconds.